 Dungeon Crawl Stone Soup version 0.29.1-2-gbd0b4ee654 (webtiles) character file.

Game seed: 4017209202620789535

11115 gregunderscorem the Unseen (level 11, 0/83 HPs)
             Began as an Octopode Brigand on Nov 15, 2022.
             Was a High Priest of Okawaru.
             Succumbed to a killer bee's poison
             ... on level 10 of the Dungeon.
             The game lasted 00:35:29 (11039 turns).

gregunderscorem the Unseen (Octopode Brigand)      Turns: 11039, Time: 00:35:29

Health: 0/83       AC:  5    Str: 22    XL:     11   Next: 72%
Magic:  3/14       EV: 19    Int: 14    God:    Okawaru [*****.]
Gold:   670        SH:  0    Dex: 18    Spells: 5/15 levels left

rFire   . . .      SeeInvis .   r - +3 dagger (elec)
rCold   . . .      Faith    .   (no shield)
rNeg    . . .      Spirit   +   (helmet restricted)
rPois   +          Reflect  .   w - amulet of guardian spirit
rElec   .          Harm     .   e - +4 ring of protection
rCorr   .          Rampage  .   g - +6 ring of strength
Will    .....                   y - +6 ring of strength
Stlth   ++++++++..              (no ring)
HPRegen 0.23/turn               (no ring)
MPRegen 0.14/turn               (no ring)
                                (no ring)
                                (no ring)

@: lethally poisoned (0 -> -10), studying Stealth
A: almost no armour, amphibious, 8 rings, camouflage 1, gelatinous body 1,
(nimble swimmer 1), tentacles, tentacle spike 1, poison resistance, MP-powered
wands
a: Renounce Religion, Heroism, Finesse, Duel


You were on level 10 of the Dungeon.
You worshipped Okawaru.
Okawaru was extremely pleased with you.
You visited 1 branch of the dungeon, and saw 10 of its levels.
You also visited: Ossuary and Bailey.

You collected 930 gold pieces.
You spent 260 gold pieces at shops.

Inventory:

Hand Weapons
 a - a +2 dagger
 f - a +2 short sword of speed
 r - a +3 dagger of electrocution (weapon)
Missiles
 b - 25 poisoned darts
 c - 4 curare-tipped darts (quivered)
Armour
 v - a +0 tower shield
 E - a +2 kite shield
Jewellery
 e - a +4 ring of protection (left tentacle)
 g - a +6 ring of strength (right tentacle)
 k - a ring of ice
 w - an amulet of guardian spirit (around mantle)
 y - a +6 ring of strength (on tentacle)
Wands
 d - a wand of light (18)
 n - a wand of roots (21)
 s - a wand of flame (14)
Scrolls
 j - 2 scrolls of fear
 o - 2 scrolls of enchant armour
 p - 2 scrolls of fog
 z - 3 scrolls of teleportation
 A - 3 scrolls of blinking
 C - 2 scrolls of identify
Potions
 h - a potion of attraction {unknown}
 l - 4 potions of mutation
 m - a potion of might
 q - 5 potions of flight
 t - a potion of cancellation {unknown}
 u - 2 potions of degeneration {unknown}
 x - a potion of invisibility {unknown}
 B - 2 potions of brilliance {unknown}
 D - 2 potions of magic {unknown}


   Skills:
 - Level 11.5 Fighting
 - Level 4.0 Short Blades
 - Level 2.0 Throwing
 - Level 9.5 Dodging
 - Level 17.3 Stealth
 - Level 2.5 Spellcasting
 - Level 5.0 Hexes
 + Level 3.0 Transmutations
 - Level 5.0 Ice Magic
 + Level 3.0 Earth Magic


You had 5 spell levels left.
You knew the following spells:

 Your Spells              Type           Power      Damage    Failure   Level
a - Dazzling Flash        Conj/Hex       16%        N/A       24%         3
b - Ensorcelled Hibernat  Hex/Ice        30%        N/A       4%          2
c - Swiftness             Air            1%         N/A       56%         3
d - Passwall              Tmut/Erth      8%         N/A       10%         2

Your spell library contained the following spells:

 Spells                   Type           Power      Damage    Failure   Level
 Freeze                   Ice            60%        1d8       3%          1
 Frozen Ramparts          Ice            30%        1d5       9%          3
 Hailstorm                Conj/Ice       8%         3d4       63%         4
 Silence                  Hex/Air        4%         N/A       92%         5
 Agony                    Necr           1%         N/A       99%         5


Dungeon Overview and Level Annotations

Branches:
Dungeon (10/15)            Temple (0/1) D:6         Ossuary (visited)
 Bailey (visited)
   Lair: D:8-11         Orc: D:9-12

Altars:
Cheibriados
Kikubaaqudgha
Okawaru
Uskayaw
Yredelemnul

Shops:
D:4 :*(((   D:9 (

Portals:
Abyss: D:8

Annotations:
D:7 2 transporters, jamesblauser's ghost, novice DrBe


Innate Abilities, Weirdness & Mutations

You cannot wear most types of armour.
You are amphibious.
You can wear up to eight rings at the same time.
Your skin changes colour to match your surroundings (Stealth+).
Your rubbery body absorbs attacks. (AC +1, EV +1)
((You are camouflaged when in or above water. (Stealth+)))
You have tentacles for arms and can constrict up to eight enemies at once.
One of your tentacles bears a spike.
Your system is resistant to poisons. (rPois)
You expend magic power (3 MP) to strengthen your wands.


Message History

You barely miss the killer bee. Your grab misses the killer bee.
* * * LOW HITPOINT WARNING * * *
You feel very sick. The killer bee stings you.
* * * LOW HITPOINT WARNING * * *
You are more poisoned.
The killer bee poisons you! The killer bee completely misses you.
You feel better. The killer bee stings you.
You are poisoned.
The killer bee poisons you! The killer bee stings you.
* * * LOW HITPOINT WARNING * * *
You are lethally poisoned!
The killer bee poisons you!
You hit the killer bee.
Lightning courses through the killer bee!
You kill the killer bee!
Okawaru accepts your kill.
* * * LOW HITPOINT WARNING * * *
You feel very sick.
Okay, then.
Blink to where?
Press: ? - help, Dir - move target
As you read the scroll of blinking, it crumbles to dust.
* * * LOW HITPOINT WARNING * * *
You feel very sick.
Okay, then.
Really quaff the potion of mutation?
You feel extremely strange.
You feel less energetic.
You occasionally lose the ability to drink potions when taking damage.
* * * LOW HITPOINT WARNING * * *
You feel very sick.
Really quaff the potion of mutation?
You feel extremely strange.
You feel more energetic.
You no longer become unable to drink potions after taking damage.
One of your lower tentacles grows a sharp spike.
You feel resistant to poisons.
You feel your magical essence link to the dungeon's wands.
You die...

#..~##.##~†..#....###............
##†≈#.).#††..##..........#..#....
#.~#)∩)#~.†.##........####......
#.~#.).#~............## #......
#.~#####†...........## ##.....
#.~~~~~~≈.###........# #.....
...........# ##.......# ##....
....#.y.#### #..##...# #.##.
####....# ##@####.. #.... ##...#
#.# #.. #.### #..## #.# #.# ##.#
##.# #.# .. #.## #.# #.# ### ###


There were no monsters in sight!

Vanquished Creatures
  2 two-headed ogres
  The ghost of Jingleheimer the Spear-Bearer, a novice MfFi of Okawaru (D:8)
  A cyclops (D:6)
  2 trolls (D:10)
  Sigmund (D:5)
  4 spriggans (Bailey)
  2 wyverns
  12 yaks
  A human (D:10)
  4 steam dragons
  Menkaure (D:5)
  A water moccasin (D:6)
  A warg (D:10)
  Edmund (D:5)
  Duvessa (D:7)
  5 orc warriors
  2 black bears
  An ice beast (D:8)
  5 ogres
  4 centaurs
  3 kobold brigands
  5 bullfrogs
  A gnoll sergeant (D:8)
  3 scorpions (D:5)
  4 wights (D:9)
  Dowan (D:7)
  7 killer bees
  2 howler monkeys (D:6)
  8 hounds
  9 orc priests
  Jessica (D:2)
  7 iguanas
  6 orc wizards
  Natasha (thrice) (D:2)
  2 small abominations (D:8)
  2 mummies (Ossuary)
  5 gnolls (D:5)
  9 adders
  3 shadow imps
  8 white imps
  2 ufetubi (D:5)
  A dart slug (D:4)
  5 worms
  42 orcs
  9 ball pythons
  13 endoplasms
  5 giant cockroaches
  3 gnoll zombies (Ossuary)
  6 goblins
  8 hobgoblins
  4 jackals (D:2)
  23 kobolds
  7 quokkas
  2 bats (D:3)
  4 frilled lizards
  3 goblin zombies (Ossuary)
  2 hobgoblin zombies (Ossuary)
  6 orc zombies (Ossuary)
  6 rats
292 creatures vanquished.

Notes
Turn   | Place    | Note
-------+----------+-------------------------------------------
     0 | D:1      | gregunderscorem the Octopode Brigand began the quest for
                  | the Orb.
     0 | D:1      | Reached XP level 1. HP: 14/14 MP: 1/1
   281 | D:1      | Reached XP level 2. HP: 19/19 MP: 2/2
   450 | D:1      | Found a faded altar of an unknown god.
  1030 | D:2      | Reached XP level 3. HP: 18/24 MP: 3/3
  1267 | D:2      | Reached skill level 6 in Stealth
  1348 | D:2      | Noticed Natasha
  1358 | D:2      | Killed Natasha
  1359 | D:2      | Reached XP level 4. HP: 3/29 MP: 4/4
  1526 | D:2      | Noticed Natasha
  1712 | D:2      | Noticed Jessica
  1719 | D:2      | Reached XP level 5. HP: 16/50 MP: 5/5
  1720 | D:2      | Reached XP level 6. HP: 18/55 MP: 6/6
  1727 | D:2      | Killed Natasha
  1730 | D:2      | Killed Jessica
  1810 | D:2      | Noticed Natasha
  1842 | D:2      | Killed Natasha
  2553 | D:3      | Learned a level 3 spell: Dazzling Flash
  2657 | D:3      | Found an iron altar of Okawaru.
  2717 | D:3      | Reached XP level 7. HP: 61/61 MP: 7/7
  2751 | D:3      | Became a worshipper of Warmaster Okawaru
  3043 | D:3      | You fall into a shaft and drop 1 floor!
  3044 | D:4      | Found Peirijo's Weapon Boutique.
  3250 | D:4      | Found Sarity's Antique Weapon Boutique.
  3293 | D:4      | Identified a scroll of acquirement
  3295 | D:4      | Acquired a +6 ring of strength
  3685 | D:4      | Identified the +2 whip "Ninos" {holy, Int+6}
  3723 | D:4      | Reached skill level 7 in Stealth
  3857 | D:4      | Reached * piety under Okawaru
  3864 | D:4      | Reached XP level 8. HP: 61/67 MP: 8/8
  4000 | D:4      | Found Jucuc's Book Shoppe.
  4086 | D:4      | Found Vohumur's General Store.
  4111 | D:4      | Found Zaostroe's Weapon Shoppe.
  4294 | D:5      | Entered Level 5 of the Dungeon
  4331 | D:5      | Reached skill level 8 in Stealth
  4376 | D:5      | Noticed Sigmund
  4380 | D:5      | Killed Sigmund
  4381 | D:5      | Reached skill level 9 in Stealth
  4390 | D:5      | Reached skill level 10 in Stealth
  4395 | D:5      | Reached ** piety under Okawaru
  4746 | D:5      | Reached skill level 11 in Stealth
  4752 | D:5      | Reached XP level 9. HP: 62/72 MP: 9/9
  4871 | D:5      | Reached skill level 12 in Stealth
  5066 | D:5      | Noticed Menkaure
  5078 | D:5      | Killed Menkaure
  5352 | D:5      | Noticed Edmund
  5365 | D:5      | Killed Edmund
  5366 | D:5      | Reached skill level 13 in Stealth
  5477 | D:6      | Found a staircase to the Ecumenical Temple.
  5679 | D:6      | Noticed a cyclops
  5683 | D:6      | Killed a cyclops
  5683 | D:6      | Reached *** piety under Okawaru
  5684 | D:6      | Reached skill level 14 in Stealth
  5964 | D:6      | Reached skill level 15 in Stealth
  6162 | D:6      | Found a hide-covered altar of Uskayaw.
  6377 | D:7      | Found a transporter.
  6379 | D:7      | Found a transporter.
  6380 | D:7      | Noticed jamesblauser's ghost (novice DrBe)
  6477 | D:7      | Noticed Dowan
  6478 | D:7      | Found a sand-covered staircase.
  6479 | D:7      | Killed Dowan
  6479 | D:7      | Noticed Duvessa
  6486 | D:7      | Killed Duvessa
  6487 | D:7      | Reached XP level 10. HP: 43/79 MP: 5/10
  6492 | Ossuary  | Entered an ossuary
  7411 | D:7      | Found a basalt altar of Yredelemnul.
  7411 | D:7      | Found a snail-covered altar of Cheibriados.
  7884 | D:4      | Bought a book of Burglary for 260 gold pieces
  7887 | D:4      | Learned a level 2 spell: Ensorcelled Hibernation
  7891 | D:4      | Learned a level 3 spell: Swiftness
  7994 | D:8      | Reached skill level 16 in Stealth
  8147 | D:8      | Found a transporter.
  8386 | D:8      | Found an ancient bone altar of Kikubaaqudgha.
  8469 | D:8      | Found a transporter.
  8469 | D:8      | Found a one-way gate to the infinite horrors of the Abyss.
  8469 | D:8      | Noticed Jingleheimer's ghost (novice MfFi)
  8500 | D:8      | Reached **** piety under Okawaru
  8501 | D:8      | Reached skill level 17 in Stealth
  8969 | D:8      | Killed Jingleheimer's ghost
  8970 | D:8      | Reached skill level 1 in Spellcasting
  8970 | D:8      | Reached skill level 1 in Hexes
  9516 | D:9      | Noticed a two-headed ogre
  9520 | D:9      | Killed a two-headed ogre
  9525 | D:9      | Learned a level 2 spell: Passwall
  9556 | D:9      | Found Adaose's Weapon Shop.
  9770 | D:9      | Reached skill level 1 in Ice Magic
  9824 | D:9      | Reached XP level 11. HP: 61/83 MP: 8/14
  9842 | D:9      | Reached ***** piety under Okawaru
 10343 | D:10     | Entered Level 10 of the Dungeon
 10582 | D:10     | Found a flagged portal.
 10591 | Bailey   | Entered a bailey
 10624 | Bailey   | Received a gift from Okawaru
 10625 | Bailey   | Reached skill level 5 in Hexes
 10704 | Bailey   | Noticed a two-headed ogre
 10708 | Bailey   | Killed a two-headed ogre
 10709 | Bailey   | Reached skill level 5 in Ice Magic
 10709 | Bailey   | Reached skill level 1 in Transmutations
 10709 | Bailey   | Reached skill level 1 in Earth Magic
 11034 | D:10     | HP: 4/83 [killer bee (3)]
 11038 | D:10     | Gained mutation: Your magical capacity is low. (-10% MP)
                  | [potion of mutation]
 11038 | D:10     | Gained mutation: You occasionally lose the ability to drink
                  | potions when taking damage. [potion of mutation]
 11039 | D:10     | Lost mutation: Your magical capacity is low. (-10% MP)
                  | [potion of mutation]
 11039 | D:10     | Lost mutation: You occasionally lose the ability to drink
                  | potions when taking damage. [potion of mutation]
 11039 | D:10     | Gained mutation: One of your tentacles bears a spike.
                  | [potion of mutation]
 11039 | D:10     | Gained mutation: Your system is resistant to poisons.
                  | (rPois) [potion of mutation]
 11039 | D:10     | Gained mutation: You expend magic power (3 MP) to
                  | strengthen your wands. [potion of mutation]
 11039 | D:10     | Succumbed to a killer bee's poison

Illustrated notes

Levels and vault maps discovered:
D:1:      minmay_arrival_arboretum_small, layout_basic,
          ebering_ecumenical_altar_ruins, amcnicky_mini_corridor_feature
D:2:      layout_loops_cross, skrybe_limestone_x, grunt_ministairs_15,
          uniq_jessica, uniq_natasha
D:3:      layout_loops_ring, lemuel_crystal_altar
D:4:      minmay_skewed_foursquare, layout_gridville, serial_shops,
          nicolae_stop_n_shop_2, shop_statue, kennysheep_mini_moat,
          nicolae_shop_hallway_stairs, nicolae_shop_crystal, minmay_manual_mares
D:5:      minmay_chambers_of_threes, layout_rooms, minmay_bent, uniq_menkaure,
          uniq_edmund, uniq_sigmund
D:6:      layout_gridville, kennysheep_little_box,
          minmay_temple_entry_drinking_statues, minmay_hedge_maze
D:7:      layout_cave_pods, amethyst_overflow_temple_binary, enter_ossuary_5,
          gammafunk_ghost_hive, uniq_duvessa
D:8:      layout_loops_ring, lemuel_tele_altar, gammafunk_ghost_abyssal_escape,
          uniq_erica
D:9:      layout_gridville, serial_shops, nicolae_inconvenience_store,
          grunt_ministairs_4
D:10:     layout_layer_cave, mainiacjoe_overflow_alcove_4, erik_orc_4,
          enter_bailey_3

Skill      XL: |  1  2  3  4  5  6  7  8  9 10 11 |
---------------+----------------------------------+-----
Dodging        | 2 9 |  9.5
Stealth        | 6 7 11 15 17 | 17.3
Short Blades   | 3 4 |  4.0
Fighting       | 11 | 11.5
Spellcasting   | 2 |  2.5
Hexes          | 3 5 |  5.0
Ice Magic      | 1 5 |  5.0
Transmutations | 3 |  3.0
Earth Magic    | 3 |  3.0
Throwing       | |  2.0

Action                   |  1- 3 |  4- 6 |  7- 9 | 10-12 || total
-------------------------+-------+-------+-------+-------++-------
Melee: Dagger            |    69 |    47 |   264 |   333 ||   713
       Constrict         |    12 |    10 |    65 |    41 ||   128
       Tentacles         |    13 |    10 |    69 |    81 ||   173
       Punch             |       |       |     4 |    11 ||    15
Throw: Dart              |       |       |     6 |     4 ||    10
 Cast: Ensorcelled Hiber |       |       |       |     5 ||     5
Invok: Heroism           |       |       |       |     5 ||     5
  Use: Potion            |     4 |     2 |     3 |    12 ||    21
       Scroll            |     3 |       |     9 |     4 ||    16
 Stab: Sleeping          |    10 |     6 |    22 |    36 ||    74
Armor: Skin              |    13 |     5 |    23 |    33 ||    74
Dodge: Dodged            |    33 |    31 |   187 |   254 ||   505
